 Dungeon Crawl Stone Soup version 0.31.0-32-g396128a36d (webtiles) character file.

Game seed: 4764731371749335205

65 hawla the Firebug (level 3, -3/19 HPs)
             Began as a Deep Elf Fire Elementalist on Apr 14, 2024.
             Slain by an orc
             ... wielding a +0 falchion
              (4 damage)
             ... on level 3 of the Dungeon on Apr 15, 2024.
             The game lasted 00:04:25 (2079 turns).

hawla the Firebug (Deep Elf Fire Elementalist)      Turns: 2079, Time: 00:04:26

Health: -3/19      AC:  2    Str:  5    XL:     3   Next: 94%
Magic:  1/9        EV:  9    Int: 21    God:
Gold:   98         SH:  0    Dex: 15    Spells: 5/8 levels left

rFire   . . .        e - +0 scimitar
rCold   . . .        (no shield)
rNeg    . . .        a - +0 robe
rPois   .            (helmet restricted)
rElec   .            (no cloak)
rCorr   .            (no gloves)
SInv    .            (no boots)
Will    .....        (no amulet)
Stlth   ++           (no ring)
HPRegen 0.23/turn    (no ring)
MPRegen 0.11/turn

%: no passive effects
@: mighty, constricted
A: horns 1
a: no special abilities


You were on level 3 of the Dungeon.
You visited 1 branch of the dungeon, and saw 3 of its levels.

You collected 98 gold pieces.

Inventory:

Hand Weapons
 e - a +0 scimitar (weapon)
Armour
 a - a +0 robe (worn)
Scrolls
 d - a scroll of vulnerability
 g - a scroll of revelation {unknown}
 h - 2 scrolls of poison {unknown}
 i - a scroll of noise {unknown}
 j - a scroll of blinking {unknown}
 k - a scroll of teleportation
Potions
 b - a potion of magic
 c - a potion of might
 f - a potion of degeneration {unknown}


   Skills:
 + Level 1.7 Long Blades
 - Level 2.4 Dodging
 - Level 2.4 Stealth
 - Level 3.0 Spellcasting
 - Level 1.1 Conjurations
 + Level 4.7 Fire Magic


You had 5 spell levels left.
You knew the following spells:

 Your Spells              Type           Power      Damage    Failure   Level
a - Foxfire               Conj/Fire      60%        2x1d7     4%          1
b - Scorch                Fire           46%        2d6       2%          2

Your spell library contained the following spells:

 Spells                   Type           Power      Damage    Failure   Level
 Sting                    Conj/Alch      20%        1d4       11%         1
 Freeze                   Ice            12%        1d3       13%         1
 Sandblast                Erth           6%         2d5       13%         1
 Inner Flame              Hex/Fire       13%        N/A       16%         3
 Volatile Blastmotes      Fire/Tloc      26%        2d12      16%         3
 Lesser Beckoning         Tloc           6%         N/A       21%         2
 Gell's Gravitas          Tloc           3%         N/A       36%         3
 Teleport Other           Tloc           3%         N/A       36%         3
 Tukima's Dance           Hex            3%         N/A       36%         3
 Flame Wave               Conj/Fire      15%        2d7       36%         4
 Iskenderun's Mystic Bla  Conj/Tloc      5%         2d3       71%         4
 Dimensional Bullseye     Hex/Tloc       1%         N/A       78%         4
 Death's Door             Necr           1%         N/A       100%        9
 Shatter                  Erth           1%         3d6*      100%        9


Dungeon Overview and Level Annotations

Branches:
Dungeon (3/15)

Altars:
Qazlal


Innate Abilities, Weirdness & Mutations

You have a pair of small horns on your head.


Message History

You conjure some foxfire!
The foxfire hits the hobgoblin.
The hobgoblin is moderately wounded.
An orc comes into view. It is wielding a +0 falchion.
The foxfire hits the orc but does no damage.
Casting: Foxfire (safe; 4% risk of failure)
Confirm with . or Enter, or press ? or * to list all spells.
You conjure some foxfire!
The foxfire hits the orc.
The orc is moderately wounded.
Casting: Foxfire (safe; 4% risk of failure)
Confirm with . or Enter, or press ? or * to list all spells.
You conjure some foxfire!
The foxfire hits the hobgoblin but does no damage.
The hobgoblin is moderately wounded.
The foxfire hits the hobgoblin.
The hobgoblin is severely wounded.
The foxfire hits the hobgoblin.
You kill the hobgoblin!
Found a serpent talisman.
The foxfire hits the orc.
The orc is severely wounded.
The foxfire hits the kobold.
You kill the kobold!
Your magical contamination has completely faded away.
The orc hits you with a +0 flail!
You slash the orc!
You kill the orc!
The ball python bites you. The ball python closely misses you.
The orc hits you with a +0 falchion.
* * * LOW HITPOINT WARNING * * *
The orc closely misses you.
The ball python bites you but does no damage.
The ball python grabs you. The ball python constricts you.
* * * LOW HITPOINT WARNING * * *
Things that are here:
a +0 flail; a +0 ring mail It was a potion of might.
You feel very mighty all of a sudden. The ball python closely misses you.
The ball python constricts you.
* * * LOW HITPOINT WARNING * * *
The orc closely misses you. The orc hits you with a +0 falchion.
You die...

#.. .. ...# ...
#.. #.## #......
#.# ..... ...#..
#.# #.### #....
# #.#%#.#).. .#
#.###.#.. .#
......oo###.#
#.###†#@....##..
......S.........
######....####.
####.#### #.##..
#.##.##
#.##..#######
#.##.........
#.##..#####


You could see 2 orcs and a ball python.

Vanquished Creatures
  3 adders (D:3)
  2 dart slugs
  An orc (D:3)
  4 ball pythons
  3 bats
  4 endoplasms
  A giant cockroach (D:1)
  3 goblins
  4 hobgoblins
  3 kobolds
  3 rats
31 creatures vanquished.

Vanquished Creatures (others)
  43 foxfires
43 creatures vanquished.

Grand Total: 74 creatures vanquished

Notes
Turn   | Place    | Note
-------+----------+-------------------------------------------
     0 | D:1      | hawla the Deep Elf Fire Elementalist began the quest for
                  | the Orb.
     0 | D:1      | Reached XP level 1. HP: 10/10 MP: 6/6
   267 | D:1      | Got Ymainix's Enchiridion on Geomancy and Corpses
   288 | D:1      | Reached XP level 2. HP: 15/15 MP: 5/8
   345 | D:1      | Reached skill level 4 in Fire Magic
   348 | D:1      | Learned a level 2 spell: Scorch
   901 | D:2      | Gained mutation: You have a pair of small horns on your
                  | head. [potion of mutation]
  1396 | D:2      | Reached skill level 1 in Long Blades
  1617 | D:3      | Reached XP level 3. HP: 19/19 MP: 5/9
  1784 | D:3      | Found a stormy altar of Qazlal.
  1877 | D:3      | Found a faded altar of an unknown god.
  1955 | D:3      | Got Beginning the Mind of the Magus
  2079 | D:3      | Slain by an orc

Illustrated notes

Levels and vault maps discovered:
D:1:      minmay_arrival_diagonal_passages, layout_loops_ring
D:2:      layout_basic, reono_crystal_passage, hangedman_decor_opposing
D:3:      layout_basic, mainiacjoe_overflow_24_doors, basic_ecumenical_altar,
          minmay_surrounded

Skill      XL: |  1  2 |
---------------+-------+-----
Fire Magic     | 4 |  4.7
Long Blades    | 1 |  1.7
Dodging        | |  2.4
Stealth        | |  2.4
Spellcasting   | |  3.0
Conjurations   | |  1.1

Action                     || total
---------------------------++-------
  Melee: Unarmed           ||     1
         Scimitar          ||    28
         Headbutt          ||     1
   Cast: Foxfire           ||    25
         Scorch            ||     3
    Use: Scroll            ||     3
         Potion            ||     2
   Stab: Sleeping          ||     4
 Armour: Robe              ||    23
  Dodge: Dodged            ||    30
